 Dungeon Crawl Stone Soup version 0.31-a0-640-g39d97e502b (webtiles) character file.

Game seed: 18008525524412206472

163 heikuro the Shield-Bearer (level 5, 0/42 HPs)
             Began as a Formicid Fighter on Aug 28, 2023.
             Slain by an orc priest
             ... wielding a +0 hand axe
              (5 damage)
             ... on level 3 of the Dungeon.
             The game lasted 00:07:02 (2805 turns).

heikuro the Shield-Bearer (Formicid Fighter)        Turns: 2805, Time: 00:07:03

Health: 0/42       AC:  9    Str: 28    XL:     5   Next: 72%
Magic:  14/14      EV:  8    Int:  8    God:
Gold:   83         SH:  5    Dex: 13    Spells: 4/4 levels left

rFire   . . .        a - +0 quarterstaff
rCold   . . .        c - +0 buckler
rNeg    . . .        u - +0 chain mail
rPois   .            (helmet unavailable)
rElec   .            (no cloak)
rCorr   .            (no gloves)
SInv    +            (no boots)
Will    .....        (no amulet) Stlth
                     b - ring of magical power
HPRegen 0.27/turn    y - +6 ring of strength
MPRegen 0.14/turn

%: no passive effects
@: no status effects
A: permanent stasis, dig shafts and tunnels, antennae 3, four strong arms
a: Dig, Shaft Self


You were on level 3 of the Dungeon.
You visited 1 branch of the dungeon, and saw 3 of its levels.

You collected 83 gold pieces.

Inventory:

Hand Weapons
 a - a +0 quarterstaff (weapon)
 l - a +3 sling of freezing
 z - a +0 spear
 A - a +0 whip of venom
Missiles
 i - 5 javelins
 j - 2 boomerangs
 w - 4 poisoned darts
Armour
 c - a +0 buckler (worn)
 u - a +0 chain mail (worn)
Magical Staves
 n - a staff of air
Jewellery
 b - a ring of magical power (left hand)
 y - a +6 ring of strength (right hand)
Scrolls
 g - 2 scrolls of teleportation {unknown}
 h - 3 scrolls of identify {unknown}
 o - a scroll of immolation {unknown}
 p - a scroll of enchant armour {unknown}
 q - a scroll of vulnerability {unknown}
 r - a scroll of fog {unknown}
 t - 3 scrolls of noise {unknown}
 v - a scroll of enchant weapon {unknown}
Potions
 d - 3 potions of might
 e - a potion of cancellation {unknown}
 k - a potion of heal wounds {unknown}
 m - 2 potions of curing {unknown}
 s - a potion of brilliance {unknown}


   Skills:
 + Level 4.1 Fighting
 * Level 3.8 Staves
 + Level 4.1 Armour
 + Level 5.0 Shields


You had 4 spell levels left.
You didn't know any spells.
Your spell library contained the following spells:

 Spells                   Type           Power      Damage    Failure   Level
 Chain Lightning          Conj/Air       0%         N/A       100%        9
 Fire Storm               Conj/Fire      0%         5d1       100%        9
 Shatter                  Erth           0%         3d5*      100%        9


Dungeon Overview and Level Annotations

Branches:
Dungeon (3/15)

Altars:
Vehumet


Innate Abilities, Weirdness & Mutations

You cannot be hasted, slowed, berserked, paralysed or teleported.
You can dig through walls and to a lower floor.
You have a pair of large antennae on your head. (SInv)
Your four strong arms can wield two-handed weapons with a shield.


Message History

There is an open door here.
The orc priest mumbles some strange prayers to Beogh against you.
Beogh smites you!
There is an open door here.
You see here a +0 club.
You barely miss the orc. The orc hits you with a +0 mace.
You sock the orc!
You kill the orc!
Your Shields skill increases to level 5!
The orc priest hits you but does no damage.
Things that are here:
a +0 mace; an orc corpse You sock the orc priest!
The orc priest is severely wounded.
You hit the orc priest but do no damage.
The orc priest is severely wounded.
The orc priest hits you with a +0 hand axe.
The orc hits you but does no damage.
You closely miss the orc priest.
The orc priest is severely wounded.
You block the orc priest's attack. The orc hits you with a +0 hand axe.
You hit the orc priest.
The orc priest is severely wounded.
You block the orc priest's attack. The orc closely misses you.
You barely miss the orc priest.
The orc priest is severely wounded.
The orc priest invokes the aid of Beogh against you.
Beogh smites you! The orc hits you but does no damage.
You block the orc priest's attack.
You closely miss the orc priest.
The orc priest is severely wounded.
You block the orc's attack.
The orc priest calls down the wrath of Beogh upon you.
Pain shoots through your body!
* * * LOW HITPOINT WARNING * * *
You closely miss the orc priest.
The orc priest is severely wounded.
You block the orc's attack.
The orc priest hits you with a +0 hand axe.
You die...

############ #.#
#..........# #.######
#.####..##.# #)##...##
#.# ##..##.###.#..#..#
#.# #............###.####
#.###...##.##.....#..##.#
#.......##.#....#...#...#
#####..###o##....###.##.#
#....@o###.##.#.#####
#.###### #.###.##
#######.### #.# ###
#.........# ##'##
#.#####.#.# ##...## #.#
##.#.# ##.....## { #.#
##..#.###.......## {
#.###...#.##.........# {
#.##.......'...†.....+


You could see an orc priest and an orc.

Vanquished Creatures
  An orc priest (D:2)
  An adder (D:2)
  3 gnolls (D:2)
  An ufetubus (D:3)
  3 worms
  3 dart slugs (D:2)
  6 orcs
  2 bats
  6 endoplasms
  3 giant cockroaches
  7 goblins
  4 hobgoblins
  8 jackals
  2 quokkas (D:1)
  3 ball pythons
  3 frilled lizards
  7 kobolds
  4 rats (D:2)
67 creatures vanquished.

Notes
Turn   | Place    | Note
-------+----------+-------------------------------------------
     0 | D:1      | heikuro the Formicid Fighter began the quest for the Orb.
     0 | D:1      | Reached XP level 1. HP: 18/18 MP: 1/1
   176 | D:1      | Reached XP level 2. HP: 24/24 MP: 2/2
   452 | D:1      | Reached XP level 3. HP: 29/29 MP: 3/3
   957 | D:2      | Reached XP level 4. HP: 37/37 MP: 4/4
  1106 | D:2      | Found a radiant altar of Vehumet.
  1468 | D:2      | Reached XP level 5. HP: 41/41 MP: 5/5
  2234 | D:2      | Found a radiant altar of Vehumet.
  2798 | D:3      | Reached skill level 5 in Shields
  2805 | D:3      | Slain by an orc priest

Illustrated notes

Levels and vault maps discovered:
D:1:      lemuel_arrival_room, layout_loops_ring
D:2:      layout_loops_ring, basic_altar
D:3:      layout_loops_corners, gammafunk_ghost_necromancy,
          chequers_serial_rivers_large_a, minmay_misc_feat_more_columns

Skill      XL: |  1  2  3  4  5 |
---------------+----------------+-----
Staves         | 3 |  3.8
Fighting       | 4 |  4.1
Armour         | 4 |  4.1
Shields        | 5 |  5.0

Action                     |  1- 3 |  4- 6 || total
---------------------------+-------+-------++-------
  Melee: Quarterstaff      |    79 |   111 ||   190
         Staff             |     7 |       ||     7
Ability: Dig               |       |     1 ||     1
 Armour: Scale mail        |    24 |    16 ||    40
         Chain mail        |       |    25 ||    25
  Dodge: Dodged            |    39 |    50 ||    89
  Block: Buckler           |    25 |    39 ||    64

Table legend: (Time is in decaauts)
 A = Elapsed time spent in this place.
 B = Non-inter-level travel time spent in this place.
 C = Inter-level travel time spent in this place.
 D = Time resting spent in this place.
 E = Time spent auto-exploring this place.
 F = Levels seen in this place.
 G = Mean time per level.
                   A        B        C        D        E       F      G
               +--------+--------+--------+--------+--------+-----+--------+
         Total |   2838 |   2744 |     94 |    207 |   1659 |   3 |  946.0 |
       Dungeon |   2838 |   2744 |     94 |    207 |   1659 |   3 |  946.0 |
               +--------+--------+--------+--------+--------+-----+--------+

Top non-repeatable levels by time:
     D:2: 1722 daAuts
     D:1: 855 daAuts
     D:3: 260 daAuts
